 Dungeon Crawl Stone Soup version 0.24-a0-584-g9d6b971ae4 (webtiles) character file.

Game seed: 14285223926438025082, levelgen mode: deterministic

36 Gynju the Poker (level 3, -3/29 HPs)
             Began as a Merfolk Abyssal Knight on Sept 2, 2019.
             Was a Follower of Lugonu.
             Slain by Terence
             ... wielding a +0 flail
              (10 damage)
             ... on level 1 of the Dungeon.
             The game lasted 00:02:20 (1607 turns).

Gynju the Poker (Merfolk Abyssal Knight)            Turns: 1607, Time: 00:02:20

Health: -3/29      AC:  3    Str: 13    XL:     3   Next: 37%
Magic:  4/4        EV: 12    Int: 11    God:    Lugonu [*.....]
Gold:   62         SH:  0    Dex: 13    Spells: 2/2 levels left

rFire    . . .     SeeInvis .   a - +1 spear
rCold    . . .     Gourm    .   (no shield)
rNeg     . . .     Faith    .   b - +0 leather armour
rPois    .         Spirit   .   (no helmet)
rElec    .         Reflect  .   (no cloak)
rCorr    .         Harm     .   (no gloves)
MR       .....                  (no boots)
Stlth    +.........             (no amulet)
HPRegen  0.09/turn              (no ring)
MPRegen  0.09/turn              (no ring)

@: no status effects
A: change form in water, swift swim, stealthy swim
a: Depart the Abyss, Renounce Religion


You were on level 1 of the Dungeon.
You worshipped Lugonu.
Lugonu was aware of your devotion.
You were not hungry.

You visited 1 branch of the dungeon, and saw 2 of its levels.
You visited the Abyss 1 time.

You collected 62 gold pieces.

Inventory:

Hand Weapons
 a - a +1 spear (weapon)
Missiles
 d - 66 stones (quivered)
Armour
 b - a +0 leather armour (worn)
Scrolls
 e - a scroll of enchant armour {unknown}
 g - a scroll of teleportation {unknown}
Comestibles
 c - a ration
 f - 2 chunks of flesh


   Skills:
 + Level 3.6 Fighting
 * Level 4.0 Polearms
 + Level 1.0 Armour
 + Level 3.0 Dodging
 + Level 2.3 Invocations


You had 2 spell levels left.
You didn't know any spells.
Your spell library was empty.

Dungeon Overview and Level Annotations

Branches:
Dungeon (2/15)

Altars:

Annotations:
D:1 Terence


Message History

You barely miss Terence. Terence closely misses you.
You barely miss Terence. You hit Terence but do no damage.
Terence barely misses you.
You closely miss Terence. Terence barely misses you.
You hit Terence.
Terence is moderately wounded.
Terence hits you with a +0 flail.
You completely miss Terence.
Terence is lightly wounded.
You closely miss Terence.
Terence is lightly wounded.
Terence closely misses you.
You hit Terence but do no damage.
Terence is lightly wounded.
Terence hits you with a +0 flail!
* * * LOW HITPOINT WARNING * * *
You hit Terence.
Terence is moderately wounded.
Terence hits you with a +0 flail!
You die...

######### #############
#.......###### #........#...
#.###........# #.######.#.##
#.# #...####.# #.# #.#.#
#.###...####.# #.# ####.#.##
#.#.......##.#####.###........
#.#.#...#....@@>..........#.#.
#.......####.##...#########.#.
#............#.....# #.#.
###.###########...## #... #.#
##.## ###. #.# #.# #. ##
#.#### #.# #. .# #....# ##'##
#. .# ####.# ##...## #.


You could see Terence.

Vanquished Creatures
  An adder (D:2)
  2 leopard geckos (D:1)
  5 bats
  A giant cockroach (D:1)
  4 goblins (D:1)
  A hobgoblin (D:2)
  2 jackals
  2 kobolds (D:1)
  A ball python (D:2)
  A frilled lizard (D:1)
  5 rats (D:1)
25 creatures vanquished.

Vanquished Creatures (others)
  7 toadstools (D:1)
7 creatures vanquished.

Grand Total: 32 creatures vanquished

Notes
Turn   | Place    | Note
-------+----------+-------------------------------------------
     0 | Abyss:1  | Gynju the Merfolk Abyssal Knight began the quest for the
                  | Orb.
     0 | Abyss:1  | Reached XP level 1. HP: 18/18 MP: 2/2
   161 | Abyss:1  | Noticed a smoke demon
   220 | Abyss:1  | Noticed a small abomination
   272 | Abyss:1  | Noticed a quasit
   284 | Abyss:1  | Noticed a thrashing horror
   285 | D:1      | Escaped the Abyss
   439 | D:1      | Reached * piety under Lugonu
   518 | D:1      | Reached XP level 2. HP: 16/24 MP: 3/3
  1066 | D:1      | Reached skill level 1 in Armour
  1445 | D:2      | Reached XP level 3. HP: 29/29 MP: 4/4
  1480 | D:2      | Reached skill level 4 in Polearms
  1531 | D:2      | Noticed Terence
  1607 | D:1      | Slain by Terence

Levels and vault maps discovered:
D:1:      nagdon_arrival_double_spiral, layout_loops_corners,
          hangedman_decor_push
D:2:      layout_loops_ring, kennysheep_nub, minivault_11, uniq_terence

Skill      XL: |  1  2  3 |
---------------+----------+-----
Armour         | 1 |  1.0
Dodging        | 3 |  3.0
Polearms       | 4 |  4.0
Fighting       | |  3.6
Invocations    | |  2.3

Action                   || total
-------------------------++-------
Melee: Spear             ||   102
Invok: Depart the Abyss  ||     1
 Stab: Sleeping          ||     2
  Eat: Chunk             ||     2
Armor: Leather armour    ||    21
Dodge: Dodged            ||    47

Table legend:
 A = Non-vault XP
 B = Vault XP
 C = Vault XP percentage of total XP
 D = Non-vault monster count
 E = Vault monster count
 F = Vault count percentage of total count
                 A         B        C        D         E       F
            +---------+---------+-------+---------+---------+-------
      Total |      52 |       0 |   0.0 |      25 |       0 |   0.0
            +---------+---------+-------+---------+---------+-------
        D:1 |      32 |       0 |   0.0 |      20 |       0 |   0.0
        D:2 |      20 |       0 |   0.0 |       5 |       0 |   0.0
            +---------+---------+-------+---------+---------+-------
